 Dungeon Crawl Stone Soup version 0.27.0-1-g7a089689b8 (webtiles) character file.

Game seed: 9204897957860409390

77 DearestLeader the Magician (level 4, 0/32 HPs)
             Began as a Djinni Fire Elementalist on Aug 5, 2021.
             Slain by a scorpion (8 damage)
             ... on level 2 of the Dungeon.
             The game lasted 00:06:21 (3273 turns).

DearestLeader the Magician (DjFE)                   Turns: 3273, Time: 00:06:22

Health: 0/32       AC:  2    Str:  7    XL:     4   Next: 58%
Gold:   98         EV: 12    Int: 17    God:
                   SH:  0    Dex: 14

rFire    + + .     SeeInvis .   g - +0 whip
rCold    x . .     Faith    .   (no shield)
rNeg     . . .     Spirit   .   a - +0 robe
rPois    ∞         Reflect  .   (no helmet)
rElec    .         Harm     .   (no cloak)
rCorr    .         Rampage  .   (no gloves)
Will     .....                  (boots unavailable)
Stlth    ++........             (no amulet)
HPRegen  0.10/turn              (no ring)
MPRegen  0.00/turn              (no ring)

@: flying
A: sickness immunity, fire resistance 2, cold vulnerability 1, float, innate
caster, hp casting, extra vitality 1
a: no special abilities


You were on level 2 of the Dungeon.
You visited 1 branch of the dungeon, and saw 3 of its levels.

You collected 98 gold pieces.

Inventory:

Hand Weapons
 f - a +0 dagger
 g - a +0 whip (weapon)
Missiles
 e - 17 poisoned darts (quivered)
Armour
 a - a +0 robe (worn)
Scrolls
 b - a scroll of magic mapping {unknown}
 c - 2 scrolls of enchant weapon {unknown}
 i - a scroll of identify {unknown}
Potions
 d - a potion of curing {unknown}
 h - a potion of degeneration {unknown}


   Skills:
 + Level 1.5 Fighting
 - Level 2.1 Dodging
 - Level 1.5 Stealth
 * Level 3.6 Spellcasting


You couldn't memorise any spells.
You knew the following spells:

 Your Spells              Type           Power      Damage    Failure   Level
a - Foxfire               Conj/Fire      60%        2x1d7     3%          1
b - Conjure Flame         Conj/Fire      15%        6-21      11%         3
c - Inner Flame           Hex/Fire       15%        N/A       11%         3
d - Sticky Flame          Conj/Fire      15%        2d4       36%         4
e - Fireball              Conj/Fire      7%         3d5       71%         5
f - Summon Small Mammal   Summ           60%        N/A       3%          1
Your spell library was empty.

Dungeon Overview and Level Annotations

Branches:
Dungeon (3/15)

Altars:
Yredelemnul


Innate Abilities, Weirdness & Mutations

You are immune to sickness and miasma.
You are immune to poison.
Your flesh is very heat resistant. (rF++)
You are vulnerable to cold. (rC-)
You float through the air rather than walking.
You learn spells naturally, not from books.
Your magical power is your life essence.
You have superior vitality. (+4 HP)


Message History

You conjure some foxfire!
Your bat closely misses the scorpion.
The foxfire hits the orc.
The orc is heavily wounded.
The foxfire hits the orc.
The orc is heavily wounded.
Your bat barely misses the scorpion.
Casting: Foxfire (safe; 3% risk of failure)
Confirm with . or Enter, or press ? or * to list all spells.
You conjure some foxfire!
Your bat closely misses the scorpion.
The orc hits you with a +0 club.
Unknown command.
The foxfire hits the scorpion.
The scorpion is heavily wounded.
The foxfire hits the scorpion.
The scorpion is severely wounded.
The scorpion closely misses you. The orc hits you but does no damage.
You fly upwards.
There is a stone staircase leading down here.
The scorpion barely misses you. The orc closely misses you.
The scorpion stings you but does no damage.
The orc hits you with a +0 club. The scorpion barely misses you.
Casting: Foxfire (safe; 3% risk of failure)
Confirm with . or Enter, or press ? or * to list all spells.
You conjure some foxfire!
The scorpion closely misses you. The orc hits you with a +0 club.
Your foxfire dissipates!
The foxfire hits the orc.
You kill the orc!
Casting: Foxfire (safe; 3% risk of failure)
Confirm with . or Enter, or press ? or * to list all spells.
You conjure some foxfire!
The scorpion barely misses you.
Your foxfire dissipates!
Casting: Foxfire (safe; 3% risk of failure)
Confirm with . or Enter, or press ? or * to list all spells.
You conjure some foxfire!
The scorpion stings you! The scorpion stings you.
* * * LOW HITPOINT WARNING * * *
Your foxfire dissipates!
The scorpion stings you!
You die...

#.#######...#.############.#
..# ##.................#
##########..#.##############
...^....###.#.## #######.#
#....# # #.# ##.#.# # #.#
#...## # ##.#####...####
######..........@s.#
........######...#.#
........# #...#.# ........#
##..#.# ........# #..#.#
######..# #..#.# # #..#
#....# ######..# #..).#
........# ##...#


You could see a scorpion.

Vanquished Creatures
  An adder (D:2)
  2 dart slugs
  An orc (D:2)
  6 ball pythons
  5 endoplasms
  2 giant cockroaches (D:2)
  7 goblins
  A hobgoblin (D:2)
  6 jackals
  3 kobolds
  3 quokkas
  5 bats
  4 frilled lizards
  13 rats
  A spectral hobgoblin (D:1)
60 creatures vanquished.

Vanquished Creatures (collateral kills)
  A foxfire (D:1)
1 creature vanquished.

Vanquished Creatures (others)
  135 foxfires
135 creatures vanquished.

Grand Total: 196 creatures vanquished

Notes
Turn   | Place    | Note
-------+----------+-------------------------------------------
     0 | D:1      | DearestLeader the Djinni Fire Elementalist began the quest
                  | for the Orb.
     0 | D:1      | Reached XP level 1. HP: 15/15 MP: 0/0
    92 | D:1      | Reached XP level 2. HP: 16/21 MP: 0/0
   229 | D:1      | Reached skill level 3 in Spellcasting
   579 | D:1      | Reached XP level 3. HP: 20/25 MP: 0/0
   579 | D:1      | Learned a level 1 spell: Summon Small Mammal
  1060 | D:1      | Found a basalt altar of Yredelemnul.
  1655 | D:1      | Found a faded altar of an unknown god.
  1953 | D:2      | Reached skill level 1 in Fighting
  2133 | D:2      | Reached XP level 4. HP: 26/32 MP: 0/0
  3248 | D:3      | Noticed a scorpion
  3273 | D:2      | Slain by a scorpion

Illustrated notes

Levels and vault maps discovered:
D:1:      elethiomel_arrival_shortcut, layout_basic,
          dreamdust_ecumenical_altar_drowned_temple, kennysheep_flooded_box,
          serial_bayou_pond_d, glass_columns_b, minmay_rat_gold_closets
D:2:      layout_basic
D:3:      layout_rooms

Skill      XL: |  1  2  3 |
---------------+----------+-----
Spellcasting   | 3 |  3.6
Fighting       | 1 |  1.5
Dodging        | |  2.1
Stealth        | |  1.5

Action                   |  1- 3 |  4- 6 || total
-------------------------+-------+-------++-------
Melee: Dagger            |    22 |       ||    22
       Whip              |     3 |     7 ||    10
 Cast: Foxfire           |    57 |    33 ||    90
       Conjure Flame     |     1 |       ||     1
       Summon Small Mamm |       |     1 ||     1
Armor: Robe              |     8 |     4 ||    12
Dodge: Dodged            |    43 |    19 ||    62
